 Dungeon Crawl Stone Soup version 0.27.1-1-g398f81649c (webtiles) character file.

Game seed: 6309901492748848325

175 Descartes the Ducker (level 5, -1/25 HPs)
             Began as a Felid Monk on Sept 12, 2021.
             Was a Priest of Qazlal.
             Slain by a black bear (2 damage)
             ... on level 3 of the Dungeon.
             The game lasted 00:06:52 (3841 turns).

Descartes the Ducker (Felid Monk)                   Turns: 3841, Time: 00:06:54

Health: -1/25      AC:  1    Str:  8    XL:     5   Next: 29%
Magic:  7/7        EV: 24    Int: 11    God:    Qazlal [***...]
Gold:   9          SH:  4    Dex: 19    Spells: 4/4 levels left
                                        Lives:  0   Deaths: 1

rFire    . . .     SeeInvis +     - Unarmed
rCold    . . .     Faith    +   (shield unavailable)
rNeg     . . .     Spirit   .   (armour unavailable)
rPois    .         Reflect  .   (helmet unavailable)
rElec    .         Harm     .   (cloak unavailable)
rCorr    .         Rampage  .   (gloves unavailable)
Will     .....                  (boots unavailable)
Stlth    ++........             j - amulet of faith
HPRegen  0.08/turn              a - +4 ring of evasion
MPRegen  0.10/turn              (no ring)

@: quick
A: very small, claws 1, fangs 3, see invisible, speed 1, shaggy fur 1, stealthy
paws, no weapons or thrown items, no armour, multi-lived
a: Renounce Religion, Upheaval, Elemental Force


You were on level 3 of the Dungeon.
You worshipped Qazlal.
Qazlal was most pleased with you.
You visited 1 branch of the dungeon, and saw 4 of its levels.

You collected 93 gold pieces.
You spent 84 gold pieces at shops.

Inventory:

Jewellery
 a - a +4 ring of evasion (left paw)
 j - an amulet of faith (around neck)
 n - a ring of resist corrosion
Scrolls
 b - 5 scrolls of noise
 d - 3 scrolls of amnesia {unknown}
 e - a scroll of immolation {unknown}
 f - a scroll of silence {unknown}
 g - 3 scrolls of magic mapping
 i - a scroll of enchant armour {unknown}
 m - a scroll of teleportation {unknown}
Potions
 c - a potion of flight
 h - a potion of haste
 k - a potion of attraction
 l - a potion of degeneration {unknown}


   Skills:
 + Level 3.8 Fighting
 + Level 5.1 Dodging
 + Level 4.9 Stealth
 + Level 3.9 Unarmed Combat
 + Level 1.7 Invocations


You had 4 spell levels left.
You didn't know any spells.
Your spell library was empty.

Dungeon Overview and Level Annotations

Branches:
Dungeon (4/15)
 Temple: D:4-7

Altars:
Qazlal

Shops:
D:2 !   D:3 ?

Annotations:
D:4 Eustachio


Innate Abilities, Weirdness & Mutations

You have sharp claws.
You have razor-sharp teeth.
You have supernaturally acute eyesight. (SInv)
You cover ground quickly. (Speed+)
You are covered in fur. (AC +1)
Your paws help you pounce on unaware monsters.
You are incapable of wielding weapons or throwing items.
You cannot wear armour.
You gain extra lives every three experience levels.


Message History

You closely miss the orc. The orc completely misses you.
You scratch the orc.
The orc is heavily wounded.
You barely miss the orc.
The orc is heavily wounded.
The orc completely misses you.
You scratch the orc but do no damage.
The orc is moderately wounded.
The orc completely misses you.
You closely miss the orc. You bite the orc.
You kill the orc!
Qazlal accepts your kill.
You completely miss the black bear.
The black bear is moderately wounded.
The black bear misses you. The black bear closely misses you.
You block the black bear's attack.
You start resting.
You hear an angry growl. x4
A black bear is nearby!
You closely miss the black bear. Your bite misses the black bear.
You block the black bear's attack. The black bear misses you. x2
You barely miss the black bear. The black bear bites you.
The black bear misses you. The black bear closely misses you.
You scratch the black bear.
The black bear is lightly wounded.
The black bear bites you.
* * * LOW HITPOINT WARNING * * *
The black bear misses you. The black bear closely misses you.
You scratch the black bear.
The black bear is moderately wounded.
The black bear bites you.
* * * LOW HITPOINT WARNING * * *
The black bear barely misses you. x2
You barely miss the black bear.
You bite the black bear, but do no damage.
The black bear is moderately wounded.
The black bear misses you. The black bear claws you.
* * * LOW HITPOINT WARNING * * *
The black bear claws you.
You die...

##..######..#.#.##.........# #..#
#..#.#.##.........#
##..######..#.#.##.........######
...........[.....'...........<...
##..######......##...............
.................+.........#.....
##..##.###.....#.#......)..######
#..##.# #.....#h###+#####.#
#..##.# #.....#@# #.# #.# #
#..##.# ##.#+##.###.# #.# #
#..##†####....°...#.#####.######
#...............................
##.##.####.#.##.###.#####.######
#.##.# #.#.##.# #.# #.#
#.##.####.#.##.# #.# #.#
#...........##.# #.# #.#
###.##.####.####.###.#####.######


You could see a black bear.

Vanquished Creatures
  A scorpion (D:2)
  A jelly (D:3)
  3 adders
  A worm (D:2)
  2 dart slugs
  2 orcs (D:3)
  5 ball pythons
  7 bats
  7 endoplasms
  4 giant cockroaches
  5 goblins
  9 hobgoblins
  10 jackals
  3 quokkas
  2 frilled lizards (D:2)
  9 kobolds
  7 rats
78 creatures vanquished.

Vanquished Creatures (others)
  A frilled lizard (D:2)
1 creature vanquished.

Grand Total: 79 creatures vanquished

Notes
Turn   | Place    | Note
-------+----------+-------------------------------------------
     0 | D:1      | Descartes the Felid Monk began the quest for the Orb.
     0 | D:1      | Reached XP level 1. HP: 10/10 MP: 2/2
    77 | D:1      | Reached XP level 2. HP: 13/14 MP: 3/3
   646 | D:1      | Reached XP level 3. HP: 17/17 MP: 4/4
   683 | D:1      | Found a faded altar of an unknown god.
   751 | D:1      | Became a worshipper of Qazlal Stormbringer
   751 | D:1      | Reached * piety under Qazlal
   751 | D:1      | Reached ** piety under Qazlal
  1233 | D:2      | Reached *** piety under Qazlal
  1762 | D:2      | Noticed a scorpion
  1766 | D:2      | Reached XP level 4. HP: 21/21 MP: 5/5
  2112 | D:2      | Found Fiumeajy's Distillery.
  2135 | D:2      | Slain by a scorpion
  2136 | D:2      | Reached XP level 3. HP: -2/17 MP: 4/4
  2152 | D:2      | Killed a scorpion
  2153 | D:2      | Reached skill level 1 in Invocations
  2153 | D:2      | Reached XP level 4. HP: 22/22 MP: 5/5
  2444 | D:3      | Reached skill level 5 in Dodging
  2444 | D:3      | Reached XP level 5. HP: 11/25 MP: 7/7
  3176 | D:3      | Found Qeotoda's Magic Scroll Shoppe.
  3184 | D:3      | Bought a scroll of noise for 13 gold pieces
  3184 | D:3      | Bought a scroll of magic mapping for 45 gold pieces
  3184 | D:3      | Bought a scroll of identify for 26 gold pieces
  3663 | D:4      | Noticed Eustachio
  3665 | D:4      | Noticed a black bear
  3841 | D:3      | HP: 1/25 [black bear (1)]
  3841 | D:3      | Slain by a black bear

Illustrated notes

Levels and vault maps discovered:
D:1:      matt_arrival_los_fun, layout_loops_ring,
          shapermc_ecumenical_altar_totnotflames
D:2:      layout_basic, serial_shops, shop, grunt_decor_junction
D:3:      layout_basic, serial_shops, shop_scrolls, moated_statue
D:4:      layout_gridville, grunt_ministairs_1, st_stairs_8, hex_medium,
          chequers_serial_rivers_small_b, uniq_ijyb, uniq_eustachio, uniq_pikel

Skill      XL: |  1  2  3  4 |
---------------+-------------+-----
Stealth        | 3 4 |  4.9
Invocations    | 1 |  1.7
Dodging        | 5 |  5.1
Fighting       | |  3.8
Unarmed Combat | |  3.9

Action                   |  1- 3 |  4- 6 || total
-------------------------+-------+-------++-------
Melee: Unarmed           |   114 |   115 ||   229
       Bite              |     8 |    20 ||    28
       Punch             |     3 |     2 ||     5
Invok: Upheaval          |       |     1 ||     1
  Use: Scroll            |       |     3 ||     3
 Stab: Sleeping          |     4 |       ||     4
       Distracted        |     1 |       ||     1
Armor: Skin              |     9 |     2 ||    11
Dodge: Dodged            |    93 |    96 ||   189
Block: Other             |     8 |    12 ||    20
